 Dungeon Crawl Stone Soup version 0.25-a0-1024-gbfbf38f2cb (webtiles) character file.

Game seed: 16772892214098198429, levelgen mode: deterministic

23 Flugslaktarn the Skirmisher (level 2, 0/24 HPs)
             Began as a Mummy Fighter on May 12, 2020.
             Slain by a phantom (5 damage)
             ... on level 2 of the Dungeon.
             The game lasted 00:00:23 (730 turns).

Flugslaktarn the Skirmisher (Mummy Fighter)          Turns: 730, Time: 00:00:24

Health: 0/24       AC:  6    Str: 19    XL:     2   Next: 75%
Magic:  2/2        EV:  9    Int:  7    God:
Gold:   75         SH:  0    Dex: 11    Spells: 1/1 levels left

rFire    x . .     SeeInvis .   a - +0 war axe
rCold    + . .     Gourm    .   (no shield)
rNeg     + + +     Faith    .   b - +0 scale mail
rPois    ∞         Spirit   .   (no helmet)
rElec    .         Reflect  .   (no cloak)
rCorr    .         Harm     .   (no gloves)
MR       .....                  (no boots)
Stlth    ..........             (no amulet)
HPRegen  0.08/turn              (no ring)
MPRegen  0.08/turn              (no ring)

@: no status effects
A: no food or potions, fire vulnerability, cold resistance 1, negative energy
resistance 3, torment resistance, unbreathing
a: no special abilities


You were on level 2 of the Dungeon.
You were not hungry.

You visited 1 branch of the dungeon, and saw 2 of its levels.

You collected 75 gold pieces.

Inventory:

Hand Weapons
 a - a +0 war axe (weapon)
Armour
 b - a +0 scale mail (worn)
 c - a +0 kite shield
Scrolls
 d - a scroll of teleportation {unknown}
 e - a scroll of remove curse {unknown}
 f - a scroll of enchant armour {unknown}
 g - 2 scrolls of immolation {unknown}


   Skills:
 + Level 3.2 Fighting
 * Level 2.2 Axes
 + Level 2.6 Armour
 - Level 2.4 Shields


You had one spell level left.
You didn't know any spells.
Your spell library was empty.

Dungeon Overview and Level Annotations

Branches:
Dungeon (2/15)

Altars:
Fedhas
Qazlal


Innate Abilities, Weirdness & Mutations

You do not eat or drink.
Your flesh is vulnerable to fire.
You are immune to poison.
Your flesh is cold resistant. (rC+)
You are immune to negative energy. (rN+++)
You are immune to unholy pain and torment.
You can survive without breathing.


Message History

The phantom hits you.
The phantom blinks!
The phantom blinks!
The phantom blinks!
You closely miss the phantom.
The phantom is moderately damaged.
The phantom hits you.
The phantom blinks!
You slash the phantom!
The phantom is heavily damaged.
The phantom hits you!
* * * LOW HITPOINT WARNING * * *
You are too injured to fight recklessly!
You are too injured to fight recklessly!
You are too injured to fight recklessly!
You completely miss the phantom.
The phantom is heavily damaged.
The phantom closely misses you.
The phantom blinks!
You barely miss the phantom.
The phantom is heavily damaged.
The phantom hits you.
You die...

#................# .....
#.....?..........####.....
####.........................
.....$...........#........###
.....###.........#...........
.... #.........#........... .
. #.........#...........
#.........#...........
#....@W...#..........[
#.........#...........
#.........#...........
#.........#...........
#.........#..^........
###########.§§#.≈.....
#..≈_≈.##... #.^#.≈^.....
#..§....####


You could see a phantom.

Vanquished Creatures
  An ooze (D:2)
  3 leopard geckos (D:1)
  A ball python (D:1)
  A goblin (D:1)
  A hobgoblin (D:1)
  4 kobolds (D:1)
  A bat (D:1)
  2 frilled lizards (D:1)
  3 rats
17 creatures vanquished.

Notes
Turn   | Place    | Note
-------+----------+-------------------------------------------
     0 | D:1      | Flugslaktarn the Mummy Fighter began the quest for the Orb.
     0 | D:1      | Reached XP level 1. HP: 18/18 MP: 1/1
   264 | D:1      | Reached XP level 2. HP: 24/24 MP: 2/2
   627 | D:2      | Found a stormy altar of Qazlal.
   654 | D:2      | Found a blossoming altar of Fedhas.
   693 | D:2      | Noticed a phantom
   730 | D:2      | Slain by a phantom

Illustrated notes

Levels and vault maps discovered:
D:1:      dpeg_arrival_lava_temple_mockup, layout_rooms, grunt_decor_one_mirror
D:2:      layout_basic, grunt_temple_overflow_forces_of_nature,
          chequers_ecumenical_altar_simple, minivault_23

Skill      XL: |  1 |
---------------+----+-----
Axes           | 2 |  2.2
Fighting       | |  3.2
Armour         | |  2.6
Shields        | |  2.4

Action                   || total
-------------------------++-------
Melee: War axe           ||    60
Armor: Scale mail        ||    25
Dodge: Dodged            ||    42

Table legend:
 A = Non-vault XP
 B = Vault XP
 C = Vault XP percentage of total XP
 D = Non-vault monster count
 E = Vault monster count
 F = Vault count percentage of total count
                 A         B        C        D         E       F
            +---------+---------+-------+---------+---------+-------
      Total |      34 |       0 |   0.0 |      17 |       0 |   0.0
            +---------+---------+-------+---------+---------+-------
        D:1 |      25 |       0 |   0.0 |      14 |       0 |   0.0
        D:2 |       9 |       0 |   0.0 |       3 |       0 |   0.0
            +---------+---------+-------+---------+---------+-------
